Unix NetHack Version 3.7.0-102 Work-in-progress - last build Apr 6 2024 13:22:21 (d302a6a9ff6341f1a922d8f5af178406b35fdf99,branch:master). Game began 2024-04-15 17:33:55, ended 2024-04-19 15:28:20. McPanther, lawful male human Knight ----- ------ |*... |"....| ---.| ------- ------- -----.| |0.<| |..[..|-----------------------------------------------|.....| |.| |.--- |.....-..........)............[)..)%......)%..[.......-.....| |.| |.| |*|}-------------------------------)-----------------------------}|.|0|.| |*|.|..}}}}}}|....%...|......................|)))))))-.-[[[[[[[|}}}}}}|...|.| |.|..0|.....}|[)%%....|..........|...........|)))))))|.|[[[[[[[|}......)|...| |.|.--|.0.0%}|%.)%@...|----------|.).[.)...[.|--------%--------|}.....-----.| |.|..^|.*)//.%0..).)..-...[......-...).[(..)(-.^. ..^...^..^-......| |.-[---.000.}|%.......|----------|)....).)..+|--- -|--------|}.....| |(..|.......}|..%..%..|%.)..%)%).|..)[)......| w |@| |}.....| |.|.|.|}}}}}}|........|...%).%).)%).)).......| D HH|.| |}}}}}}| |.|..0|}-------------------------------%-----------------------------}| |%|.|. |..)..-..........[......)...)%.).))...................-...%.| |.|[| |.....|-----------------------------------------------|.....| |.|*| ------- ------- |..%. ---- McPanther the Knight St:18/27 Dx:19 Co:18 In:14 Wi:21 Ch:18 Lawful S:266068 Dlvl:28 $:0 HP:0(128) Pw:59(166) AC:-36 Xp:15/180128 T:33108 Satiated Latest messages: You see here an elven broadsword. You see here a sling. You see here an axe. You see here a crossbow. K - a potion of full healing. There is an open door here. You see here an orange dragon corpse. This door is locked. Unlock it with your skeleton key? [ynq] (q) You succeed in unlocking the door. What do you want to put on? [fnFLU or ?*] F - a blessed ring of free action (on left hand). The door opens. The gold dragon bites the blue dragon. The gold dragon hits the blue dragon. The gold dragon hits the blue dragon. The blue dragon misses the gold dragon. The blue dragon hits the gold dragon. The blue dragon misses the gold dragon. The gold dragon bites the blue dragon. The gold dragon hits the blue dragon. The gold dragon hits the blue dragon. The blue dragon bites the gold dragon. The blue dragon hits the gold dragon. The blue dragon misses the gold dragon. You hit the blue dragon! You hit the blue dragon! You hit the blue dragon! You hit the blue dragon! The blue dragon bites the gold dragon. The blue dragon hits the gold dragon. The blue dragon misses the gold dragon. You hit the blue dragon! You hit the blue dragon! You kill the blue dragon! You hit the gold dragon! You hit the gold dragon! You hit the gold dragon! You hit the gold dragon! You kill the gold dragon! M - a scroll of create monster. There is a gold dragon corpse here; eat it? [ynq] (n) There is a blue dragon corpse here; eat it? [ynq] (n) This blue dragon corpse is gamey. You're having a hard time getting all of it down. Continue eating? [yn] (n) You feel like a glutton! You choke over your food. You die... Do you want your possessions identified? [ynq] (y) Inventory: Amulets O - a blessed amulet of reflection (being worn) Weapons b - the blessed rustproof +5 Excalibur a - the blessed +5 Grayswandir (wielded in right hand) Y - a +0 long sword (wielded in left hand) Armor E - a blessed +3 helm of brilliance (being worn) g - a blessed fireproof +4 pair of gauntlets of dexterity (being worn) T - a blessed fireproof +5 pair of speed boots (being worn) t - a blessed +3 shield of reflection Q - a blessed +3 robe (being worn) J - a blessed +3 Hawaiian shirt with a bird of paradise motif (being worn) d - a blessed greased +5 gray dragon scale mail (being worn) Comestibles q - an uncursed lizard corpse Scrolls M - a blessed scroll of create monster G - a cursed scroll of teleportation Potions K - a blessed potion of full healing Rings C - a blessed ring of conflict (on right hand) F - a blessed ring of free action (on left hand) L - a blessed ring of levitation f - an uncursed ring of shock resistance U - an uncursed ring of sustain ability Wands u - a wand of digging (0:6) v - a wand of digging (0:0) o - a wand of lightning (0:2) m - a wand of magic missile (0:2) N - a wand of sleep (0:2) l - a wand of sleep (0:0) z - a wand of slow monster (0:4) B - a wand of speed monster (0:4) I - a cursed wand of speed monster (0:5) D - a wand of striking (0:8) k - a wand of teleportation (0:1) Tools A - a blessed bag of holding containing 73 items X - the blessed Bell of Opening (0:0) n - an uncursed blindfold i - an uncursed leash s - a magic marker (0:16) p - the blessed Magic Mirror of Merlin w - a +0 pick-axe y - an uncursed skeleton key c - an uncursed stethoscope R - a blessed +0 unicorn horn Gems/Stones H - a blessed luckstone Contents of the bag of holding: 6578 gold pieces a +0 lance a blessed +4 cloak of invisibility an uncursed +1 mummy wrapping 11 uncursed C-rations 19 uncursed K-rations an uncursed tripe ration an uncursed lizard corpse a blessed scroll of confuse monster 16 blessed scrolls of blank paper 5 cursed scrolls of blank paper an uncursed scroll of create monster a cursed scroll of destroy armor an uncursed scroll of destroy armor a blessed scroll of earth an uncursed scroll of fire 2 uncursed scrolls of food detection a blessed scroll of genocide 3 uncursed scrolls of gold detection an uncursed scroll of light a blessed scroll of magic mapping 2 uncursed scrolls of remove curse an uncursed scroll of stinking cloud a blessed scroll of teleportation 9 uncursed scrolls of teleportation 3 cursed scrolls of teleportation a blessed potion of full healing 6 uncursed potions of full healing 3 uncursed potions of healing an uncursed potion of paralysis a blessed potion of restore ability a blessed potion of speed an uncursed potion of water a potion of unholy water an uncursed ring of cold resistance an uncursed ring of conflict an uncursed ring of free action an uncursed ring of free action an uncursed ring of free action an uncursed ring of polymorph control an uncursed ring of polymorph control an uncursed +0 ring of protection an uncursed ring of searching an uncursed ring of see invisible an uncursed ring of shock resistance an uncursed ring of teleport control a wand of digging (0:6) a wand of digging (0:3) a wand of make invisible (0:6) a wand of polymorph (0:2) a wand of probing (0:2) a wand of slow monster (0:5) a wand of teleportation (0:5) a wand of teleportation (0:2) a wand of wishing (1:0) a horn of plenty (0:7) a magic marker (0:67) a magic marker (0:6) a magic marker (0:0) an uncursed magic whistle an uncursed oil lamp 5 uncursed partly used tallow candles 5 uncursed tallow candles an uncursed turquoise stone 3 uncursed worthless pieces of orange glass 3 uncursed agate stones an uncursed amethyst stone an uncursed citrine stone 2 uncursed diamonds 4 uncursed emeralds an uncursed obsidian stone 3 uncursed sapphires an uncursed topaz stone McPanther the Knight's attributes: Background: You were a Knight, level 15 male human. You were lawful, on a mission for Lugh who was opposed by Brigit (neutral) and Manannan Mac Lir (chaotic). You were right-handed. You were in the Dungeons of Doom, on level 28. You entered the dungeon 33108 turns ago. You had 180128 experience points, 139872 more were needed to attain level 16. Your score was 266068 before end-of-game adjustments. Basics: You had 0 out of 128 hit points. You had 59 out of 166 energy points (spell power). Your armor class was -36. Your wallet was empty, but you had 6578 zorkmids stashed away in your pack. Autopickup was on for '$"?!=/' plus thrown, with exceptions. Final Characteristics: Your strength was 18/27 (limit:18/100). Your dexterity was 19 (base:15, peak:17, innate limit:18). Your constitution was 18 (limit:18). Your intelligence was 14 (base:11, limit:18). Your wisdom was 21 (base:18, innate limit:18). Your charisma was 18 (limit:18). Final Status: You were satiated. You were unencumbered. You were wielding two weapons at once. You were skilled in saber and two weapons. Your skill in long sword was limited by being skilled with two weapons. Final Attributes: You were the Hand of Elbereth. You were piously aligned. You were magic-protected. You were fire resistant. You were cold resistant. You were sleep resistant. You were shock resistant. You were poison resistant. You resisted hallucinations. You saw invisible. You were telepathic. You were stealthy. You caused conflict. You could jump. You had a moderate defense bonus (+9). You were guarded. You were very fast. You had reflection. You had free action. You were extremely lucky. You had extra luck. Good luck did not time out for you. You are dead. Miscellaneous: You encountered 1 bones level. Total elapsed playing time was 10 hours, 37 minutes and 46 seconds. Major events: Turn 1: McPanther the lawful male human Knight entered the dungeon 321: entered the Gnomish Mines 464: attained the rank of Esquire (level 3) 1928: reached Mine Town 2082: attained the rank of Bachelor (level 6) 3038: destroyed xororand's ghost, the former Acolyte 3923: made his first wish - "blessed greased +2 gray dragon scale mail", got "a greased gray dragon scale mail" 4262: entered Sokoban 4442: completed 1st Sokoban level 4845: has been given Excalibur, and now enjoys supreme executive power 5204: read a Discworld novel 6426: killed Asidonhopo, the general store proprietor 9563: completed 2nd Sokoban level 9849: completed 3rd Sokoban level 10368: completed 4th Sokoban level 10421: attained the rank of Sergeant (level 10) 10515: acquired the Sokoban amulet of reflection 14421: acquired the Mines' End luckstone 15559: Malasgirt, the used armor dealership proprietor, has been killed 15676: Inishbofin, the second-hand bookstore proprietor, has been killed 15830: the Oracle has been killed 15921: Kopasker, the general store proprietrix, has been killed 16105: Artvin, the used armor dealership proprietor, has been killed 16126: Melac, the antique weapons outlet proprietor, has been killed 21798: was bestowed with Grayswandir by Lugh 21917: Tjiwidej, the delicatessen proprietor, has been killed 21927: Rellenk, the hardware store proprietor, has been killed 21972: Manlobbi, the general store proprietrix, has been killed 22054: Inverurie, the quality apparel and accessories proprietor, has been killed 26313: was crowned "The Hand of Elbereth" by Lugh 26857: attained the rank of Knight (level 14) 27998: killed Ixoth 27998: found the Magic Mirror of Merlin carried by a monster 27999: acquired the Bell of Opening 30827: killed Medusa 32179: wished for "blessed corrodeproof +2 speed boots", got "a pair of riding boots" 32448: wished for "3 blessed scrolls of charging", got "a scroll labeled YUM YUM" 32449: wished for "3 magic markers", got "a magic marker" 32450: wished for "3 scrolls of genocide", got "3 scrolls labeled GARVEN DEH" 32452: performed his first genocide (class L) 32453: genocided class R 32455: wished for "blessed +3 Helm of brilliance", got "a crystal helmet" 32460: wished for "2 magic markers", got "a magic marker" 32729: wished for "Blessed ring of levitation", got "a pearl ring" 32752: genocided class n 32914: entered Gehennom 33108: choked on a blue dragon corpse Vanquished creatures: Medusa 2 purple worms a gray dragon a gold dragon 2 orange dragons a blue dragon a yellow dragon 4 minotaurs Ixoth a baluchitherium 3 demiliches 2 master mind flayers 3 Olog-hai a trapper 2 baby yellow dragons 2 genetic engineers a vampire leader 10 shopkeepers the Oracle an aligned cleric 2 captains a clay golem 3 nurses 4 lurkers above 2 frost giants an ettin a golden naga 5 lieutenants a watch captain 5 ghosts 3 queen bees a winged gargoyle 2 mind flayers 3 giant mimics a zruty 2 fire giants 3 ogre tyrants 5 ice trolls 4 rock trolls an umber hulk 2 flesh golems 3 elven monarchs a doppelganger 6 large mimics a wumpus 4 stalkers an air elemental 2 fire elementals an earth elemental 4 hill giants 3 giant mummies a black naga 6 xorns 6 giant zombies 6 elf-nobles 17 sergeants a water demon 3 wargs a winter wolf 10 small mimics a glass piercer a warhorse 4 xans 5 ettin mummies 3 ogre leaders 3 quantum mechanics 7 trolls a sasquatch a wood golem 2 sharks 7 gelatinous cubes 2 pyrolisks 2 large dogs 5 freezing spheres a flaming sphere 6 shocking spheres 3 large cats a tiger 4 gargoyles 3 dwarf rulers 4 tengu 4 ochre jellies 3 leocrottas 5 energy vortices 3 mountain centaurs a stone giant 3 elf mummies 2 human mummies 2 red nagas 4 pythons 2 pit vipers 3 cobras 5 wraiths a carnivorous ape 3 ettin zombies a leather golem 8 Grey-elves 75 soldiers 4 watchmen 3 chameleons 4 crocodiles 3 giant beetles 5 quivering blobs 7 cockatrices 3 wolves 6 winter wolf cubs a lynx a panther 2 gremlins a spotted jelly 12 leprechauns 3 orc-captains an iron piercer 2 mumakil 29 giant spiders 4 scorpions 2 horses 2 ice vortices 3 black lights 6 vampire bats 3 forest centaurs 6 gnome rulers an orc mummy 7 ogres 2 brown puddings 7 rust monsters 8 owlbears 2 yetis 2 gold golems a werewolf 4 Green-elves 2 giant eels 7 lizards 9 chickatrices 4 dingoes 2 dogs 4 housecats 2 jaguars 5 dwarf leaders 4 blue jellies 3 white unicorns 4 dust vortices 6 ravens 6 plains centaurs 2 gnome mummies 10 snakes 11 apes 19 human zombies a rope golem 3 Woodland-elves 3 soldier ants 3 fire ants 19 bugbears 2 imps 48 quasits 3 wood nymphs 10 water nymphs 3 mountain nymphs 6 Mordor orcs 6 Uruk-hai 2 orc shamans 9 rock piercers 9 rock moles 6 ponies 4 fog clouds 7 yellow lights a shrieker 3 violet fungi 23 gnome leaders 13 gnomish wizards 3 kobold mummies a red naga hatchling 3 black naga hatchlings 2 guardian naga hatchlings 3 gray oozes 2 barrow wights 3 ghouls 3 straw golems 5 paper golems 17 giant ants a little dog 11 floating eyes 3 kittens 15 dwarves 2 homunculi a kobold leader 6 kobold shamans 27 hill orcs 27 rothes a rabid rat 3 centipedes 2 giant bats 3 monkeys 8 orc zombies 9 dwarf zombies 4 wererats 4 werejackals 5 iguanas 26 killer bees 2 acid blobs 4 coyotes a gas spore 4 hobbits 2 manes 4 large kobolds 19 hobgoblins 7 giant rats 13 cave spiders 2 brown molds a yellow mold 3 green molds a red mold 73 gnomes 5 garter snakes 12 gnome zombies 16 geckos 21 jackals 2 foxes 3 kobolds 5 goblins 2 sewer rats 6 grid bugs 5 bats 12 lichens 4 kobold zombies 10 newts 1231 creatures vanquished. Genocided species: arch-liches master liches demiliches disenchanters liches rust monsters wood nymphs water nymphs mountain nymphs 9 species genocided. Voluntary challenges: You read items or engraved 127 times. You engraved Elbereth 3 times. You genocided 9 types of monsters. You never changed form. You used 8 wishes. You did not wish for any artifacts. You violated the special Sokoban rules 11 times. Achievements: You entered a shop. You entered the Gnomish Mines. You attained the rank of Esquire. You entered Minetown. You entered a temple. You attained the rank of Bachelor. You entered Sokoban. You read from a Discworld novel. You attained the rank of Sergeant. You completed Sokoban. You completed the Gnomish Mines. You attained the rank of Knight. You had the Bell of Opening. You defeated Medusa. You entered Gehennom. The Dungeons of Doom: levels 1 to 28 Level 1: "Treasure" A sink. Level 2: "Treasure" Level 3: Stairs down to The Gnomish Mines. Level 4: "spbook ID" An altar to Lugh. Final resting place for xororand-Pri-Hum-Mal-Neu, killed by a pony. Level 5: "angry shopkeeper" Level 6: Oracle of Delphi. Level 7: "Identify, Blanks; Lance??, saddle" Many altars. Stairs up to Sokoban, level 6. Level 8: Level 9: "Spbook MagicMiss" Many altars, a grave. Level 10: A temple and an altar to Lugh, a fountain. Level 11: "hmm" A fountain. Level 12: A fountain. Portal to The Quest. Level 13: Level 14: Level 15: A primitive area. Level 16: Some fountains, a sink. Level 17: Level 18: A sink. Level 19: Level 20: A sink. Level 21: A temple and an altar to Lugh. Level 22: "Barracks, Archie!" A fountain. Level 23: "Crystal ball, prep for Archie" A fountain. Level 24: "pre-Medusa" An altar to Lugh. Level 25: "Up, or explore?" Some fountains, many trees. Level 26: Level 27: Level 28: <- You were here. A throne, a fountain. Connection to Gehennom. Final resting place for you, choked on a blue dragon corpse. Gehennom: Level 29: The Gnomish Mines: levels 4 to 12 Level 4: Level 5: Level 6: Level 7: A temple and an altar to Lugh, some fountains. Level 8: "SADDLE" Level 9: Level 10: Level 11: Level 12: The Quest: levels 1 to 5 Level 1: A throne. Completed quest for King Arthur. Level 2: Level 3: A temple and an altar. Level 4: Level 5: Sokoban: levels 6 up to 3 Level 3: Solved. Level 4: Solved. Level 5: Solved. Level 6: Solved. Game over: ---------- / \ / REST \ / IN \ / PEACE \ / \ | McPanther | | 6578 Au | | choked on a blue | | dragon corpse | | | | | | 2024 | *| * * * | * _________)/\\_//(\/(/\)/\//\/|_)_______ Fare thee well McPanther the Knight... You choked in The Dungeons of Doom on dungeon level 28 with 265411 points, and 6578 pieces of gold, after 33108 moves. You were level 15 with a maximum of 128 hit points when you choked.